AoeStats
← v0id

Arena

509549939Analyzed
2v2 RM · 6d ago on Sep 27, 2026· 49m 34s· 4 players
Game mode
Random Map
Map size
Medium (4 player)
Population
200
Speed
Normal
Resources
Standard
Victory
Conquest
Starting age
Dark Age
Ending age
Imperial Age
RankedLock teamsTeams togetherTeam positionsShared explorationLock speedFull tech treeHidden civsTurbo modeCheats
Victory
Defeat
🇩🇪 Bohemians · Germany
1029
+17
🇷🇸 Persians · Serbia
1013
+18
🇦🇷 Teutons · Argentina
1071
-18
🇦🇷 Bohemians · Argentina
1050
-17
Thoth
9:45 Feudal Age
15:47 Castle Age
16:10 Double-Bit Axe
16:18 Horse Collar
18:31 Fervor
19:08 Bow Saw
19:28 Heavy Plow
20:53 Wheelbarrow
23:13 Hand Cart
27:57 Imperial Age
26:02 Padded Archer Armor
27:36 Chemistry
26:45 Wagenburg Tactics
27:40 Leather Archer Armor
28:14 Forging
28:04 Scale Mail Armor
29:15 Conscription
28:47 Pikeman
32:15 Iron Casting
31:55 Chain Mail Armor
32:10 Ring Archer Armor
31:53 Squires
31:55 Halberdier
36:10 Blast Furnace
35:41 Plate Mail Armor
35:23 Siege Engineers
35:40 Ballistics
36:07 Houfnice
42:31 Two-Man Saw
ukisampion1
10:43 Feudal Age
11:41 Loom
14:56 Castle Age
12:44 Horse Collar
13:38 Double-Bit Axe
15:33 Bow Saw
15:25 Heavy Plow
25:23 Gold Mining
25:25 Stone Mining
29:52 Imperial Age
29:24 Gold Shaft Mining
29:25 Stone Shaft Mining
29:49 Ballistics
29:37 Murder Holes
30:03 Ballistics
31:12 Two-Man Saw
30:43 Crop Rotation
30:57 Hoardings
30:43 Conscription
31:03 Wheelbarrow
31:09 Conscription
31:59 Hand Cart
32:07 Scale Barding Armor
32:13 Forging
33:06 Chemistry
32:18 Masonry
34:42 Heavy Scorpion
36:24 Elite War Elephant
37:27 Chain Barding Armor
38:25 Coinage
37:56 Caravan
38:38 Iron Casting
39:27 Banking
39:34 Plate Barding Armor
44:28 Blast Furnace
SR WAITINHO
10:54 Feudal Age
14:48 Castle Age
18:16 Horse Collar
20:01 Loom
20:37 Double-Bit Axe
25:57 Wheelbarrow
25:13 Town Watch
25:57 Stone Mining
26:00 Gold Mining
26:20 Heavy Plow
27:14 Bow Saw
27:07 Scale Mail Armor
27:59 Forging
28:04 Chain Mail Armor
31:50 Imperial Age
30:34 Iron Casting
30:43 Hand Cart
30:28 Town Patrol
30:42 Town Patrol
31:00 Town Patrol
32:20 Stone Shaft Mining
33:04 Conscription
32:14 Sappers
33:19 Hoardings
32:15 Sappers
33:20 Hoardings
34:13 Hoardings
33:55 Elite Teutonic Knight
36:07 Blast Furnace
35:12 Scale Barding Armor
36:19 Plate Mail Armor
36:45 Bloodlines
36:27 Cavalier
42:18 Pikeman
42:58 Squires
42:44 Arson
43:23 Chain Barding Armor
44:28 Halberdier
v0id
11:36 Feudal Age
15:07 Double-Bit Axe
15:08 Horse Collar
17:34 Castle Age
18:32 Bow Saw
18:30 Heavy Plow
20:54 Fervor
20:58 Fletching
22:18 Bodkin Arrow
27:05 Padded Archer Armor
28:21 Wheelbarrow
27:33 Loom
29:06 Sanctity
30:07 Hand Cart
29:42 Town Watch
30:18 Leather Archer Armor
33:16 Imperial Age
32:13 Leather Archer Armor
33:05 Chemistry
32:29 Ballistics
33:57 Bracer
33:28 Houfnice
34:30 Crossbowman
35:47 Ring Archer Armor
35:13 Arbalester
42:55 Elite Skirmisher
44:40 Pikeman
45:29 Halberdier
48:42 Murder Holes
Connection lost

Rejoining the realm…

Still unreachable

The connection could not be restored.

Session expired

The server has moved on; the page needs a fresh start.